Map: Neon Violet Square LE

Players

Vector

  • Race: Zerg Zerg
  • Spawn Location: 5:00

CinDra - Winner!

  • Race: Zerg Zerg
  • League: Silver
  • Spawn Location: 11:00

VOD

Have the link to the VOD?

Description

Time

  • Played on: Feb. 22, 2018, 10:31 a.m.
  • Length: 1:14
Show
View Real Time Build Order
Export as new Build Order

Vector Zerg 

Build Orders: Pool Only 

Get SALT Encoding   

  12  0:12  Drone x2  
  14  0:19  Overlord  
  14  0:30  Extractor  
  14  0:33  Drone  
  15  0:43  Drone  
  15  0:44  Drone  
  17  0:57  Spawning Pool  
  17  0:59  Drone, Extractor  
Show
View Real Time Build Order
Export as new Build Order

CinDra Zerg - Winner!

Build Orders:  

Get SALT Encoding   

  12  0:01  Drone  
  13  0:13  Overlord  
  13  0:18  Drone  
  14  0:31  Drone x2  
  14  0:35  Drone  
  17  0:45  Drone  
  18  0:59  Hatchery  
  18  1:01  Drone  
Tags
 
League
Silver
Matchup
ZvZ
Opening
Pool Only
Race
Zerg
Spawn Locations
Cross Positions
Add a new tag
Caveats
  • Supply blocks, unpowered buildings, or Contaminate may cause inaccurate times.
  • Supply counts are checked every 10 seconds.